 Dungeon Crawl Stone Soup version 0.24.0-28-g17ded55e90 (webtiles) character file.

Game seed: 10534629783001087988, levelgen mode: deterministic

113 sking99 the Firebug (level 4, -3/36 HPs)
             Began as a Draconian Fire Elementalist on Nov 12, 2019.
             Slain by an orc wizard
             ... wielding a +0 dagger
              (5 damage)
             ... on level 2 of the Dungeon.
             The game lasted 00:05:54 (3202 turns).

sking99 the Firebug (Draconian Fire Elementalist)   Turns: 3202, Time: 00:05:54

Health: -3/36      AC:  6    Str: 10    XL:     4   Next: 65%
Magic:  1/7        EV: 12    Int: 17    God:
Gold:   131        SH:  0    Dex: 11    Spells: 2/8 levels left

rFire    . . .     SeeInvis .   (no weapon)
rCold    . . .     Gourm    .   (no shield)
rNeg     . . .     Faith    .   (armour unavailable)
rPois    .         Spirit   .   (helmet restricted)
rElec    .         Reflect  .   (no cloak)
rCorr    .         Harm     .   (no gloves)
MR       .....                  a - +0 pair of boots (curse)
Stlth    ++........             (no amulet)
HPRegen  0.12/turn              (no ring)
MPRegen  0.10/turn              (no ring)

@: no status effects
A: unfitting armour, cold-blooded, AC +5
a: no special abilities


You were on level 2 of the Dungeon.
You were not hungry.

You visited 1 branch of the dungeon, and saw 3 of its levels.

You collected 131 gold pieces.

Inventory:

Armour
 a - a cursed +0 pair of boots (worn)
Jewellery
 c - an uncursed ring of magical power {unknown}
Scrolls
 d - a scroll of amnesia {unknown}
 e - 3 scrolls of identify {unknown}
 f - a scroll of remove curse {unknown}
 h - a scroll of enchant armour {unknown}
 i - a scroll of teleportation {unknown}
 l - a scroll of magic mapping {unknown}
Potions
 g - a potion of degeneration {unknown}
 k - a potion of brilliance {unknown}
Comestibles
 b - 8 rations
 j - 2 chunks of flesh


   Skills:
 + Level 1.7 Fighting
 - Level 1.8 Dodging
 - Level 1.8 Stealth
 + Level 2.5 Spellcasting
 * Level 2.7 Conjurations
 * Level 3.9 Fire Magic


You had 2 spell levels left.
You knew the following spells:

 Your Spells              Type           Power        Failure   Level  Hunger
a - Flame Tongue          Conj/Fire      ##...        4%          1    #......
b - Throw Flame           Conj/Fire      ##....       7%          2    ##.....
c - Conjure Flame         Conj/Fire      ##......     14%         3    ###....

Your spell library contained the following spells:

 Spells                   Type           Power        Failure   Level  Hunger
 Inner Flame              Hex/Fire       #.......     24%         3    ###....
 Sticky Flame             Conj/Fire      ##......     43%         4    #####..
 Fireball                 Conj/Fire      ##........   78%         5    ######.


Dungeon Overview and Level Annotations

Branches:
Dungeon (3/15)

Altars:
Kikubaaqudgha


Innate Abilities, Weirdness & Mutations

Your plain brown scales are hard. (AC +5)
You cannot fit into any form of body armour.
You are cold-blooded and may be slowed by cold attacks.


Message History

Aiming: Flame Tongue (safe; 4% risk of failure)
Press: ? - help, Shift-Dir - straight line Something hits you but does no damage.
Casting: Flame Tongue (safe; 4% risk of failure)
Confirm with . or Enter, or press ? or * to list all spells.
Aiming: Flame Tongue (safe; 4% risk of failure)
Press: ? - help, Shift-Dir - straight line The flame tongue hits something.
Something hits you but does no damage.
You miss something.
You hear some strange, mumbled words.
A magic dart appears from out of thin air!
The magic dart hits you.
* * * LOW HITPOINT WARNING * * *
You miss something. Something hits you but does no damage.
You miss something. Something hits you.
* * * LOW HITPOINT WARNING * * *
You completely miss something. Something hits you.
* * * LOW HITPOINT WARNING * * *
You miss something. Something hits you.
You die...

##...<..........#
#..#.#########.#
##.#.# #.# #.#.#
#.# #...# #.#
##..# #.# #..#
#.#
##.#########.#
#>{@........#
#############


There were no monsters in sight!

Vanquished Creatures
  Jessica (D:2)
  A gnoll (D:1)
  A worm (D:2)
  2 dart slugs
  A leopard gecko (D:1)
  5 orcs (D:3)
  5 ball pythons
  9 bats
  3 giant cockroaches
  9 goblins
  3 hobgoblins
  6 kobolds
  2 quokkas (D:3)
  3 frilled lizards
  16 rats
67 creatures vanquished.

Notes
Turn   | Place    | Note
-------+----------+-------------------------------------------
     0 | D:1      | sking99 the Draconian Fire Elementalist began the quest for
                  | the Orb.
     0 | D:1      | Reached XP level 1. HP: 14/14 MP: 3/3
   370 | D:1      | Reached XP level 2. HP: 22/22 MP: 1/5
   752 | D:1      | Reached XP level 3. HP: 27/27 MP: 3/6
   756 | D:1      | Learned a level 2 spell: Throw Flame
   760 | D:1      | Learned a level 3 spell: Conjure Flame
   801 | D:1      | Reached skill level 1 in Fighting
  2346 | D:2      | Noticed Jessica
  2348 | D:2      | Killed Jessica
  2348 | D:2      | Reached XP level 4. HP: 35/35 MP: 4/7
  3096 | D:3      | Found an ancient bone altar of Kikubaaqudgha.
  3201 | D:2      | HP: 1/36 [something (1)]
  3202 | D:2      | Slain by an orc wizard

Levels and vault maps discovered:
D:1:      kennysheep_arrival_seaside, layout_basic
D:2:      layout_basic, uniq_jessica
D:3:      layout_basic, lemuel_crystal_altar, first_ration

Skill      XL: |  1  2  3 |
---------------+----------+-----
Fighting       | 1 |  1.7
Conjurations   | 2 |  2.7
Dodging        | |  1.8
Stealth        | |  1.8
Spellcasting   | |  2.5
Fire Magic     | |  3.9

Action                   |  1- 3 |  4- 6 || total
-------------------------+-------+-------++-------
Melee: Unarmed           |    33 |    28 ||    61
       Tailslap          |     3 |     2 ||     5
 Cast: Flame Tongue      |    72 |    29 ||   101
       Throw Flame       |    15 |     8 ||    23
  Eat: Chunk             |     6 |     4 ||    10
Armor: Skin              |    27 |    18 ||    45
Dodge: Dodged            |    53 |    11 ||    64
